 Dungeon Crawl Stone Soup version 0.31.0-4-g52a2dc7128 (webtiles) character file.

Game seed: 6243321279355802569

364 BeingJoeMalik the Chiller (level 6, -27/45 HPs)
             Began as a Draconian Ice Elementalist on Jan 23, 2024.
             Killed by an exploding ice beast (31 damage)
             ... ignited by their inner flame
             ... on level 4 of the Dungeon.
             The game lasted 00:11:21 (3881 turns).

BeingJoeMalik the Chiller (DrIE)                    Turns: 3881, Time: 00:11:21

Health: -27/45     AC:  7    Str: 16    XL:     6   Next: 39%
Magic:  3/9        EV: 12    Int: 18    God:
Gold:   150        SH:  0    Dex: 11    Spells: 3/10 levels left

rFire   . . .        f - staff of conjuration
rCold   . . .        (no shield)
rNeg    . . .        (body armour unavailable)
rPois   .            (helmet restricted)
rElec   .            (no cloak)
rCorr   .            l - +0 pair of gloves
SInv    .            (no boots)
Will    .....        (no amulet)
Stlth   ++           a - +6 ring of strength
HPRegen 0.27/turn    n - ring of wizardry
MPRegen 0.11/turn

%: wizardry (x1)
@: weak-willed
A: AC +6, unfitting armour, cold-blooded
a: no special abilities


You were on level 4 of the Dungeon.
You visited 1 branch of the dungeon, and saw 5 of its levels.

You collected 150 gold pieces.

Inventory:

Armour
 l - a +0 pair of gloves (worn)
Magical Staves
 f - a staff of conjuration (weapon)
 j - a staff of fire
Jewellery
 a - a +6 ring of strength (left hand)
 n - a ring of wizardry (right hand)
Talismans
 c - a flux talisman
Scrolls
 b - a scroll of butterflies
 g - 2 scrolls of identify
 i - a scroll of fear
Potions
 d - a potion of haste


   Skills:
 - Level 1.7 Dodging
 - Level 1.7 Stealth
 + Level 2.5 Spellcasting
 * Level 0.9 Summonings
 + Level 7.4 Ice Magic


You had 3 spell levels left.
You knew the following spells:

 Your Spells              Type           Power      Damage    Failure   Level
a - Freeze                Ice            100%       1d10      1%          1
b - Summon Ice Beast      Ice/Summ       17%        N/A       3%          3
c - Ozocubu's Armour      Ice            29%        N/A       1%          3

Your spell library contained the following spells:

 Spells                   Type           Power      Damage    Failure   Level
 Frozen Ramparts          Ice            58%        1d9       1%          3
 Cigotuvi's Dreadful Rot  Necr/Alch/Air  4%         N/A       11%         2
 Fugue of the Fallen      Necr           2%         N/A       21%         3
 Martyr's Knell           Necr/Summ      4%         N/A       45%         4
 Dispel Undead            Necr           2%         3d7       52%         4
 Manifold Assault         Tloc           2%         N/A       52%         4
 Death Channel            Necr           1%         N/A       100%        6


Dungeon Overview and Level Annotations

Branches:
Dungeon (5/15)
 Temple: D:4-7

Altars:
Cheibriados
Elyvilon
Fedhas
Okawaru
Sif Muna
Wu Jian
The Shining One

Annotations:
D:3 Grinder


Innate Abilities, Weirdness & Mutations

Your plain brown scales are hard. (AC +6)
You cannot fit into any form of body armour.
You are cold-blooded and may be slowed by cold attacks.


Message History

The fiery explosion engulfs your butterfly!!
Your butterfly disappears in a burst of colours!
The fiery explosion engulfs your butterfly!!
Your butterfly disappears in a burst of colours!
Your butterfly explodes!
The fiery explosion engulfs your butterfly!
Your butterfly disappears in a burst of colours!
The fiery explosion engulfs your butterfly!!
Your butterfly disappears in a burst of colours!
Your butterfly explodes!
The fiery explosion engulfs the orc priest!
Flame seeps out of the orc priest.
The orc priest is severely wounded.
Your attack snaps the orc priest out of its fear.
Your butterfly explodes!
The fiery explosion engulfs your butterfly!!
Your butterfly disappears in a burst of colours!
The fiery explosion engulfs the orc priest!
The orc priest explodes!
The fiery explosion engulfs your butterfly!!!
Your butterfly disappears in a burst of colours!
Your butterfly explodes!
The fiery explosion engulfs your butterfly!!
Your butterfly disappears in a burst of colours!
The fiery explosion engulfs your butterfly!!
Your butterfly disappears in a burst of colours!
The fiery explosion engulfs your ice beast!
Your ice beast melts!
Flame seeps out of your ice beast.
Your ice beast is severely wounded.
The fiery explosion engulfs your butterfly!!
Your butterfly disappears in a burst of colours!
Your butterfly explodes!
The fiery explosion engulfs your ice beast!!!
Your ice beast melts!
Your ice beast disappears in a puff of smoke!
Your ice beast explodes!
The fiery explosion engulfs you!!
Ouch! That really hurt!
You die...

## #..........### #...... .##
##..#####...# #...... ..## #..##
#...# #...... ...## ##..# #...#
#..#### #...###..## #b..# ##.## #
##......)# #...# #..# #
###.....## #.§§# ##..# #
..##....## #§§§# ###...# #
.........### #@§§####.....## #
...........#####§§§§#........#
..............##.b§§§§>......##
#..##.....#.....bb§§§§........##
..###....#####..b.§§#......#...##
..# ##...# ##b.§§§#).....##...#
.## #..## #..§§§§.....###.... ##
#..# #....§§§....#...... # #..#
#..................


There were no monsters in sight!

Vanquished Creatures
  Sigmund (D:3)
  A sky beast (D:4)
  2 orc priests (D:4)
  An iguana (D:4)
  3 gnolls (D:3)
  7 adders
  3 dart slugs
  A ribbon worm (D:2)
  2 orcs (D:4)
  10 endoplasms
  3 giant cockroaches
  3 hobgoblins
  4 quokkas
  5 ball pythons
  5 bats
  2 frilled lizards (D:3)
  2 goblins (D:4)
  4 kobolds
  3 rats
  A spectral goblin (D:1)
63 creatures vanquished.

Notes
Turn   | Place    | Note
-------+----------+-------------------------------------------
     0 | D:1      | BeingJoeMalik the Draconian Ice Elementalist began the
                  | quest for the Orb.
     0 | D:1      | Reached XP level 1. HP: 14/14 MP: 3/3
    91 | D:1      | Found a faded altar of an unknown god.
   299 | D:1      | Reached XP level 2. HP: 20/20 MP: 3/5
  1143 | D:2      | Reached skill level 5 in Ice Magic
  1143 | D:2      | Reached XP level 3. HP: 26/26 MP: 1/6
  1192 | D:2      | Found a white marble altar of Elyvilon.
  1757 | D:3      | Reached XP level 4. HP: 33/33 MP: 4/7
  1922 | D:3      | Noticed Sigmund
  1961 | D:3      | Killed Sigmund
  1962 | D:3      | Reached skill level 7 in Ice Magic
  1962 | D:3      | Reached XP level 5. HP: 7/38 MP: 4/8
  2084 | D:3      | Learned a level 3 spell: Summon Ice Beast
  2088 | D:3      | Learned a level 3 spell: Ozocubu's Armour
  2205 | D:3      | Reached XP level 6. HP: 45/45 MP: 4/9
  2287 | D:3      | Noticed Grinder
  2536 | D:3      | Paralysed by Grinder for 2 turns
  2558 | D:4      | Found an iron altar of Okawaru.
  2558 | D:4      | Found a glowing golden altar of the Shining One.
  2558 | D:4      | Found a shimmering blue altar of Sif Muna.
  2558 | D:4      | Found an ornate altar of the Wu Jian Council.
  2587 | D:4      | Found a snail-covered altar of Cheibriados.
  2675 | D:4      | Found a blossoming altar of Fedhas.
  2930 | D:4      | Found a white marble altar of Elyvilon.
  3651 | D:5      | Entered Level 5 of the Dungeon
  3655 | D:5      | Noticed a sky beast
  3881 | D:4      | Killed a sky beast
  3881 | D:4      | Killed by an exploding ice beast... ignited by their inner
                  | flame

Illustrated notes

Levels and vault maps discovered:
D:1:      lemuel_arrival_behind_the_door_small, layout_loops_ring,
          dreamdust_ecumenical_altar_drowned_temple, minmay_stone_trees_small,
          minmay_tripent
D:2:      layout_rooms, basic_altar, st_stairs_7
D:3:      layout_rooms, uniq_grinder, uniq_sigmund, uniq_natasha
D:4:      layout_layer_cave, grunt_temple_overflow_open, fedhas_altar_3
D:5:      layout_rooms

Skill      XL: |  1  2  3  4 |
---------------+-------------+-----
Ice Magic      | 5 7 |  7.4
Dodging        | |  1.7
Stealth        | |  1.7
Spellcasting   | |  2.5
Summonings     | |  0.9

Action                     |  1- 3 |  4- 6 || total
---------------------------+-------+-------++-------
  Melee: Unarmed           |     5 |       ||     5
         Staff             |     1 |    26 ||    27
         Tailslap          |       |     4 ||     4
   Cast: Freeze            |    58 |    65 ||   123
         Summon Ice Beast  |       |     3 ||     3
         Ozocubu's Armour  |       |     1 ||     1
    Use: Potion            |       |     3 ||     3
         Scroll            |       |     7 ||     7
 Armour: Skin              |    26 |    46 ||    72
  Dodge: Dodged            |    27 |    43 ||    70
